3L
CAPITAL DISTRICT RED KNIGHTS @ MONTANA PANDAS
06/06/2020
 
TOP OF THE 1ST
Capital District Red Knights batting - Pitching for Montana Pandas : RHP Freddy Gómez
Pitching: RHP Freddy Gómez
Batting: RHB Chang-bum Pak 0-0: Ball
1-0: Called Strike
1-1: Fly out, F3 (Popup, 3S)
Batting: LHB Stan Lewis 0-0: Ball
1-0: Ball
2-0: Ball
3-0: Base on Balls
Batting: LHB Dave Knight 0-0: Ball
1-0: Foul Ball, location: 2F
1-1: Fly out, F7 (Flyball, 78XD)
Batting: RHB David Edwards 0-0: Ball
1-0: Swinging Strike
1-1: Called Strike
1-2: Foul Ball, location: 2F
1-2: Foul Ball, location: 2F
1-2: Foul Ball, location: 2F
1-2: Ball
2-2: Strikes out swinging
Top of the 1st over - 0 run(s), 0 hit(s), 0 error(s), 1 left on base; Capital District 0 - Montana 0
BOTTOM OF THE 1ST
Montana Pandas batting - Pitching for Capital District Red Knights : RHP Bob Compton
Pitching: RHP Bob Compton
Batting: SHB Rúbem Corvo 0-0: Foul Ball, location: 2F
0-1: Ball
1-1: Foul Ball, location: 2F
1-2: Ball
2-2: SINGLE (Flyball, 7LS)
Batting: LHB Kelly Brown 0-0: Ball
1-0: Called Strike
1-1: Foul Ball, location: 2F
1-2: Ground out U3 (Groundball, 3S)
Rúbem Corvo to second
Batting: RHB Nathan Clay 0-0: Ball
Rúbem Corvo is caught stealing 3rd base
1-0: Ball
2-0: Foul Ball, location: 2F
2-1: SINGLE (Groundball, 6M)
Batting: RHB Kelly Reed 0-0: Called Strike
0-1: 2-RUN HOME RUN (Line Drive, 7D), Distance : 363 ft
Batting: RHB Brian King 0-0: Ball
1-0: Ball
2-0: Foul Ball, location: 2F
2-1: Called Strike
2-2: Fly out, F8 (Flyball, 8LM)
Bottom of the 1st over - 2 run(s), 3 hit(s), 0 error(s), 0 left on base; Capital District 0 - Montana 2
TOP OF THE 2ND
Capital District Red Knights batting - Pitching for Montana Pandas : RHP Freddy Gómez
Batting: LHB Nick Leonard 0-0: Called Strike
0-1: SINGLE (Line Drive, 6M)
Batting: RHB Louis Henderson 0-0: Called Strike
0-1: Ball
1-1: Ball
2-1: Fly out, F9 (Flyball, 89D)
Batting: RHB Matt Terry 0-0: SINGLE (Line Drive, 6MD)
Nick Leonard to second
Batting: RHB Martin Young 0-0: Ball
1-0: Called Strike
1-1: Ball
2-1: Ball
3-1: Base on Balls
Nick Leonard to third
Matt Terry to second
Batting: RHB Bob Compton 0-0: Fly out, F9 (Flyball, 89S)
Batting: RHB Chang-bum Pak 0-0: Called Strike
0-1: Called Strike
0-2: Ball
1-2: Foul Ball, location: 2F
1-2: Strikes out swinging
Top of the 2nd over - 0 run(s), 2 hit(s), 0 error(s), 3 left on base; Capital District 0 - Montana 2
BOTTOM OF THE 2ND
Montana Pandas batting - Pitching for Capital District Red Knights : RHP Bob Compton
Batting: RHB Gil Lowe 0-0: Called Strike
0-1: DOUBLE (Line Drive, 78M)
Batting: RHB Billy Strauss 0-0: Ball
1-0: Ball
2-0: Swinging Strike
2-1: Ball
3-1: Foul Ball, location: 2F
3-2: Base on Balls
Batting: SHB Arnold Smith 0-0: Ground out 4-3 (Groundball, 4M)
Gil Lowe to third
Billy Strauss to second
Batting: RHB Freddy Gómez 0-0: Called Strike
0-1: Called Strike
0-2: Strikes out swinging
Batting: SHB Rúbem Corvo 0-0: Ground out 6-3 (Groundball, 6M)
Bottom of the 2nd over - 0 run(s), 1 hit(s), 0 error(s), 2 left on base; Capital District 0 - Montana 2
TOP OF THE 3RD
Capital District Red Knights batting - Pitching for Montana Pandas : RHP Freddy Gómez
Batting: LHB Stan Lewis 0-0: Called Strike
0-1: Ball
1-1: Foul Ball, location: 2F
1-2: Ball
2-2: Foul Ball, location: 2F
2-2: Ball
3-2: Ground out 4-3 (Groundball, 4)
Batting: LHB Dave Knight 0-0: Called Strike
0-1: Fly out, F8 (Line Drive, 8LM)
Batting: RHB David Edwards 0-0: Ball
1-0: Called Strike
1-1: Ball
2-1: Foul Ball, location: 2F
2-2: Fly out, F2 (Popup, 2LF)
Top of the 3rd over - 0 run(s), 0 hit(s), 0 error(s), 0 left on base; Capital District 0 - Montana 2
BOTTOM OF THE 3RD
Montana Pandas batting - Pitching for Capital District Red Knights : RHP Bob Compton
Batting: LHB Kelly Brown 0-0: Called Strike
0-1: Ground out U3 (Groundball, 3L)
Batting: RHB Nathan Clay 0-0: Foul Ball, location: 2F
0-1: Ball
1-1: Ball
2-1: Foul Ball, location: 2F
2-2: Ball
3-2: Strikes out looking
Batting: RHB Kelly Reed 0-0: Called Strike
0-1: Ball
1-1: Fly out, F9 (Flyball, 9M)
Bottom of the 3rd over - 0 run(s), 0 hit(s), 0 error(s), 0 left on base; Capital District 0 - Montana 2
TOP OF THE 4TH
Capital District Red Knights batting - Pitching for Montana Pandas : RHP Freddy Gómez
Batting: LHB Nick Leonard 0-0: Ball
1-0: Ball
2-0: Ball
3-0: Base on Balls
Batting: RHB Louis Henderson 0-0: Ball
1-0: Foul Ball, location: 2F
1-1: Ball
2-1: Called Strike
2-2: Strikes out looking
Batting: RHB Matt Terry 0-0: Ball
1-0: Ball
2-0: Swinging Strike
2-1: Ball
3-1: Base on Balls
Nick Leonard to second
Batting: RHB Martin Young 0-0: Called Strike
0-1: Ball
1-1: Ball
2-1: Ball
3-1: Base on Balls
Nick Leonard to third
Matt Terry to second
Batting: RHB Bob Compton 0-0: Ball
1-0: Called Strike
1-1: Ball
2-1: Ball
3-1: Base on Balls
Nick Leonard scores
Matt Terry to third
Martin Young to second
Batting: RHB Chang-bum Pak 0-0: Foul Ball, location: 2F
0-1: Swinging Strike
0-2: Ball
1-2: Foul Ball, location: 2F
1-2: Grounds into fielders choice 1-2 (Groundball, 15S)
Martin Young to third
Bob Compton to second
Batting: LHB Stan Lewis 0-0: Called Strike
0-1: Called Strike
0-2: Ball
1-2: Fielders Choice at 2nd, U4 (Groundball, 4M)
Top of the 4th over - 1 run(s), 0 hit(s), 0 error(s), 3 left on base; Capital District 1 - Montana 2
BOTTOM OF THE 4TH
Montana Pandas batting - Pitching for Capital District Red Knights : RHP Bob Compton
Batting: RHB Brian King 0-0: Called Strike
0-1: Ball
1-1: Ball
2-1: Ball
3-1: Foul Ball, location: 2F
3-2: Fly out, F3 (Popup, 3S)
Batting: RHB Gil Lowe 0-0: Ball
1-0: Ball
2-0: DOUBLE (Flyball, 8LM)
Batting: RHB Billy Strauss 0-0: Called Strike
0-1: Ball
1-1: Ball
2-1: Swinging Strike
2-2: Foul Ball, location: 2F
2-2: Strikes out swinging
Batting: SHB Arnold Smith 0-0: Intentional Walk
Batting: RHB Freddy Gómez 0-0: Ball
1-0: Foul Ball, location: 2F
1-1: Fly out, F9 (Flyball, 89M)
Bottom of the 4th over - 0 run(s), 1 hit(s), 0 error(s), 2 left on base; Capital District 1 - Montana 2
TOP OF THE 5TH
Capital District Red Knights batting - Pitching for Montana Pandas : RHP Freddy Gómez
Batting: LHB Dave Knight 0-0: Foul Ball, location: 2F
0-1: Ball
1-1: Foul Ball, location: 2F
1-2: Ground out 4-3 (Groundball, 4)
Batting: RHB David Edwards 0-0: Ball
1-0: Ball
2-0: Ball
3-0: Base on Balls
Batting: LHB Nick Leonard 0-0: Ball
1-0: Ball
2-0: Called Strike
2-1: Called Strike
2-2: Foul Ball, location: 2F
2-2: Foul Ball, location: 2F
2-2: Ground out 4-3 (Groundball, 4M)
David Edwards to second
Batting: RHB Louis Henderson 0-0: Ball
1-0: Ball
2-0: Ball
3-0: Called Strike
3-1: Base on Balls
Batting: RHB Matt Terry 0-0: Ball
1-0: Ball
2-0: Ball
Wild Pitch!
David Edwards to third
Louis Henderson to second
3-0: Called Strike
3-1: Foul Ball, location: 2F
3-2: Reaches on Catchers interference
Pitching: LHP Lorenzo Ortega
Batting: RHB Martin Young 0-0: Ball
1-0: Called Strike
1-1: Swinging Strike
1-2: Strikes out swinging
Top of the 5th over - 0 run(s), 0 hit(s), 1 error(s), 3 left on base; Capital District 1 - Montana 2
BOTTOM OF THE 5TH
Montana Pandas batting - Pitching for Capital District Red Knights : RHP Bob Compton
Batting: SHB Rúbem Corvo 0-0: Hit by Pitch
Batting: LHB Kelly Brown 0-0: Ball
1-0: Ball
2-0: Bunt missed!
2-1: Bunted foul
2-2: Ball
3-2: Fly out, F7 (Flyball, 7M)
3-2: Fly out, F7 (Flyball, 7M)
Batting: RHB Nathan Clay 0-0: Ball
1-0: Ground out 3-1 (Groundball, 34S)
Rúbem Corvo to second
Batting: RHB Kelly Reed 0-0: Foul Ball, location: 2F
0-1: Fly out, F9 (Flyball, 9M)
Bottom of the 5th over - 0 run(s), 0 hit(s), 0 error(s), 1 left on base; Capital District 1 - Montana 2
TOP OF THE 6TH
Capital District Red Knights batting - Pitching for Montana Pandas : LHP Lorenzo Ortega
Batting: RHB Bob Compton 0-0: SINGLE (Line Drive, 56D)
Batting: RHB Chang-bum Pak 0-0: Bunted foul
0-1: Ball
1-1: Sac Bunt - play at second, runner OUT! 1-6
Batting: LHB Stan Lewis 0-0: SINGLE (Groundball, 4M)
Chang-bum Pak to second
Batting: LHB Dave Knight 0-0: Called Strike
Chang-bum Pak steals 3rd base
Stan Lewis to second
0-1: Swinging Strike
0-2: Foul Ball, location: 2F
0-2: Ground out 3-1 (Groundball, 34S)
Batting: RHB David Edwards 0-0: Called Strike
0-1: Foul Ball, location: 2F
0-2: Ball
1-2: SINGLE (Line Drive, 7S)
Chang-bum Pak scores
Stan Lewis to third
Runner from 3rd tries for Home, SAFE, throw made home
David Edwards to second
Pitching: RHP Johnny Wheeler
Batting: LHB Nick Leonard 0-0: Intentional Walk
Batting: RHB Louis Henderson 0-0: Called Strike
0-1: Fly out, F5 (Popup, 5SF)
Top of the 6th over - 2 run(s), 3 hit(s), 0 error(s), 2 left on base; Capital District 3 - Montana 2
BOTTOM OF THE 6TH
Montana Pandas batting - Pitching for Capital District Red Knights : RHP Bob Compton
Batting: RHB Brian King 0-0: Ball
1-0: Swinging Strike
1-1: SINGLE (Line Drive, 34)
Batting: RHB Gil Lowe 0-0: Sac Bunt - play at first, batter OUT! 1-4
Brian King to second
Batting: RHB Billy Strauss 0-0: Ball
1-0: Ball
2-0: Called Strike
2-1: Foul Ball, location: 2F
2-2: Foul Ball, location: 2F
2-2: Ball
3-2: Base on Balls
Batting: SHB Arnold Smith 0-0: Ball
1-0: Ball
2-0: Foul Ball, location: 2F
2-1: Ball
3-1: Foul Ball, location: 2F
Single, Error in OF, E7, batter to second base
Brian King scores
Billy Strauss to third
Pinch Hitting: RHB Julián Rocha 0-0: Swinging Strike
0-1: Foul Ball, location: 2F
0-2: Ball
1-2: Fly out, F9 (Flyball, 9LM)
Runner from 3rd tags up, SCORES, no throw
Batting: SHB Rúbem Corvo 0-0: Swinging Strike
0-1: Ball
1-1: Fly out, F7 (Flyball, 7LM)
Bottom of the 6th over - 2 run(s), 2 hit(s), 1 error(s), 1 left on base; Capital District 3 - Montana 4
TOP OF THE 7TH
Capital District Red Knights batting - Pitching for Montana Pandas : RHP Johnny Wheeler
Pitching: RHP Juan López
Batting: RHB Matt Terry 0-0: Called Strike
0-1: Called Strike
0-2: Ball
1-2: Fly out, F7 (Flyball, 7M)
Batting: RHB Martin Young 0-0: Ball
1-0: SINGLE (Line Drive, 78S)
Pinch Hitting: LHB Leonardo López 0-0: Ball
1-0: Swinging Strike
1-1: Foul Ball, location: 2F
1-2: Grounds into double play, 4-6-3 (Groundball, 4)
Top of the 7th over - 0 run(s), 1 hit(s), 0 error(s), 0 left on base; Capital District 3 - Montana 4
BOTTOM OF THE 7TH
Montana Pandas batting - Pitching for Capital District Red Knights : RHP Bob Compton
Pitching: RHP Armando Martínez
Batting: LHB Kelly Brown 0-0: Foul Ball, location: 2F
0-1: SINGLE (Line Drive, 5D)
Batting: RHB Nathan Clay 0-0: Foul Ball, location: 2F
0-1: SINGLE (Line Drive, 34D)
Kelly Brown to second
Batting: RHB Kelly Reed 0-0: Called Strike
0-1: Ball
1-1: Ball
2-1: Fly out, F9 (Flyball, 9M)
Batting: RHB Brian King 0-0: Ball
1-0: Ball
2-0: Foul Ball, location: 2F
2-1: Foul Ball, location: 2F
2-2: Strikes out swinging
Batting: RHB Gil Lowe 0-0: Foul Ball, location: 2F
0-1: Swinging Strike
0-2: Strikes out looking
Bottom of the 7th over - 0 run(s), 2 hit(s), 0 error(s), 2 left on base; Capital District 3 - Montana 4
TOP OF THE 8TH
Capital District Red Knights batting - Pitching for Montana Pandas : RHP Juan López
Batting: RHB Chang-bum Pak 0-0: Called Strike
0-1: Fly out, F7 (Flyball, 7M)
Batting: LHB Stan Lewis 0-0: Ball
1-0: SINGLE (Line Drive, 5L)
Batting: LHB Dave Knight 0-0: Grounds into double play, 4-6-3 (Groundball, 4M)
Top of the 8th over - 0 run(s), 1 hit(s), 0 error(s), 0 left on base; Capital District 3 - Montana 4
BOTTOM OF THE 8TH
Montana Pandas batting - Pitching for Capital District Red Knights : RHP Armando Martínez
Batting: RHB Billy Strauss 0-0: Swinging Strike
0-1: Foul Ball, location: 2F
0-2: Ground out 4-3 (Groundball, 4)
Batting: SHB Arnold Smith 0-0: Fly out, F7 (Popup, 7LS)
Pinch Hitting: RHB Paco Rodríguez 0-0: Ball
1-0: Foul Ball, location: 2F
1-1: Ball
2-1: Ball
3-1: Called Strike
3-2: DOUBLE (Line Drive, 3D)
Batting: SHB Rúbem Corvo 0-0: Called Strike
0-1: Ball
1-1: Ball
2-1: Called Strike
2-2: Foul Ball, location: 2F
2-2: Ground out 6-3 (Groundball, 6M)
Bottom of the 8th over - 0 run(s), 1 hit(s), 0 error(s), 1 left on base; Capital District 3 - Montana 4
TOP OF THE 9TH
Capital District Red Knights batting - Pitching for Montana Pandas : RHP Juan López
Pitching: RHP Jimmy Wilson
Now at C: Juan Vásquez
Batting: RHB David Edwards 0-0: Ball
1-0: Called Strike
1-1: Ball
2-1: Swinging Strike
2-2: Foul Ball, location: 2F
2-2: Strikes out looking
Batting: LHB Nick Leonard 0-0: Foul Ball, location: 2F
0-1: Ball
1-1: Ball
2-1: Foul Ball, location: 2F
2-2: Ball
3-2: Foul Ball, location: 2F
3-2: Base on Balls
Batting: RHB Louis Henderson 0-0: Fly out, F7 (Flyball, 78M)
Batting: RHB Matt Terry 0-0: Ball
1-0: Ball
2-0: Ball
3-0: Called Strike
3-1: Called Strike
3-2: Base on Balls
Nick Leonard to second
Pinch Hitting: RHB Zach King 0-0: Fly out, F2 (Popup, 2RF)
Top of the 9th over - 0 run(s), 0 hit(s), 0 error(s), 2 left on base; Capital District 3 - Montana 4
This league is powered by Out of the Park Baseball, the baseball management simulation game for PC, Mac and Linux
Friday, October 23rd, 2015 - OOTP Baseball 16.9 Build 39